AoeStats
← [GDL] Maldito Pantoja

Oasis

509792008Analyzed
4v4 RM · 5d ago on Sep 28, 2026· 35m 42s· 8 players
Game mode
Random Map
Map size
Large (8 player)
Population
200
Speed
Normal
Resources
Standard
Victory
Conquest
Starting age
Dark Age
Ending age
Imperial Age
RankedLock teamsTeams togetherTeam positionsShared explorationLock speedFull tech treeHidden civsTurbo modeCheats
Victory
Defeat
🇦🇷 Burgundians · Argentina
1323
+10
🇨🇱 Lithuanians · Chile
1283
+11
🇨🇱 Ethiopians · Chile
1249
+13
🇨🇱 Aztecs · Chile
1164
+16
🇨🇱 Lithuanians · Chile
1214
-14
🇦🇷 Maya · Argentina
1211
-14
🇦🇷 Franks · Argentina
1142
-11
🇲🇽 Magyars · Mexico
1132
-11
[GDL] Maldito Pantoja
5:08 Loom
9:57 Feudal Age
16:23 Horse Collar
19:33 Scale Barding Armor
19:40 Bloodlines
24:11 Castle Age
24:52 Husbandry
25:16 Chain Barding Armor
31:00 Wheelbarrow
33:46 Heavy Plow
DHOKO
0:28 Loom
10:15 Feudal Age
10:57 Double-Bit Axe
15:30 Padded Archer Armor
18:58 Fletching
26:56 Castle Age
26:01 Horse Collar
26:23 Gold Mining
26:20 Town Watch
27:12 Wheelbarrow
28:08 Bow Saw
27:20 Crossbowman
c7
7:42 Loom
10:30 Feudal Age
10:36 Man-at-Arms
22:01 Castle Age
20:07 Gold Mining
20:15 Horse Collar
21:17 Scale Barding Armor
25:41 Double-Bit Axe
26:51 Chain Barding Armor
29:36 Forging
31:28 Bloodlines
31:19 Husbandry
31:19 Pikeman
32:55 Scale Mail Armor
34:31 Chain Mail Armor
Tuken
6:56 Loom
9:13 Feudal Age
9:51 Double-Bit Axe
17:03 Wheelbarrow
17:12 Scale Barding Armor
21:45 Castle Age
20:37 Forging
CBT Almendruzki
7:44 Loom
10:10 Feudal Age
10:40 Double-Bit Axe
17:00 Fletching
27:50 Castle Age
29:10 Bow Saw
29:08 Bodkin Arrow
35:04 Ballistics
Facuamu
3:08 Double-Bit Axe
11:00 Feudal Age
10:26 Horse Collar
15:02 Castle Age
14:12 Bow Saw
13:59 Gold Mining
15:20 Scale Barding Armor
15:26 Forging
18:10 Husbandry
20:32 Loom
21:23 Wheelbarrow
24:21 Town Watch
24:52 Hand Cart
27:01 Hand Cart
28:18 Cavalier
29:34 Iron Casting
29:26 Chain Barding Armor
30:55 Town Patrol
31:01 Heavy Plow
32:29 Stone Mining
38:37 Imperial Age
efontealba
2:02 Loom
12:29 Feudal Age
25:46 Castle Age
24:48 Double-Bit Axe
25:23 Horse Collar
25:49 Fletching
25:59 Padded Archer Armor
27:14 Elite Skirmisher
29:10 Fervor
29:48 Wheelbarrow
30:12 Bow Saw
30:05 Heavy Plow
30:50 Town Watch
PelaoMakina
5:27 Loom
7:45 Loom
9:43 Feudal Age
10:29 Double-Bit Axe
13:18 Forging
19:28 Castle Age
18:38 Horse Collar
19:33 Scale Barding Armor
21:06 Iron Casting
22:16 Town Watch
22:43 Husbandry
25:26 Iron Casting
29:29 Bloodlines
32:32 Wheelbarrow
35:57 Chain Barding Armor
Connection lost

Rejoining the realm…

Still unreachable

The connection could not be restored.

Session expired

The server has moved on; the page needs a fresh start.